 Dungeon Crawl Stone Soup version 0.17-a0-1132-g5dd4065 (webtiles) character file.

351 MonkeyBuisness the Skirmisher (level 6, 0/58 HPs)
             Began as a Gargoyle Fighter on May 25, 2015.
             Slain by an orc
             ... wielding a +0 trident
              (4 damage)
             ... on level 2 of the Dungeon.
             The game lasted 00:07:01 (2116 turns).

MonkeyBuisness the Skirmisher (Gargoyle Fighter)    Turns: 2116, Time: 00:07:02

Health: 0/58       AC: 23    Str: 20    XL:     6   Next: 61%
Magic:  6/6        EV:  2    Int:  8    God:
Gold:   97         SH:  9    Dex: 11    Spells: 0 memorised, 5 levels left

rFire  . . .     SeeInvis .     a - +0 flail
rCold  . . .     Clarity  .     (armour currently unavailable)
rNeg   + + +     SustAt   .     c - +0 shield
rPois  ∞         Gourm    .     (helmet currently unavailable)
rElec  .         Spirit   .     (cloak currently unavailable)
rCorr  .         Warding  .     (gloves currently unavailable)
rMut   .         NoTele   +     (boots currently unavailable)
MR     .....                    (no amulet)
Stlth  +.........               (no ring)
                                h - ring of invisibility {+Inv, !d}

@: tree-form, not resistant to hostile enchantments, very unstealthy
A: negative energy resistance 1, (electricity resistance), (unbreathing),
petrification resistance, rot immunity, AC +4
a: Evoke Invisibility


You were on level 2 of the Dungeon.
You were not hungry.
You were a tree.
You visited 1 branch of the dungeon, and saw 3 of its levels.

You collected 97 gold pieces.

Inventory:

Hand weapons
 a - a +0 flail (weapon)
Armour
 c - a +0 shield (worn)
 d - a +1 scale mail of cold resistance (melded)
   (You took it off Terence on level 2 of the Dungeon)
Jewellery
 h - a ring of invisibility (left branch) {+Inv, !d}
   (You found it on level 1 of the Dungeon)
Scrolls
 l - 2 scrolls of remove curse {unknown}
 p - a scroll of immolation {unknown}
 r - a scroll of random uselessness
Potions
 g - 2 potions of agility {unknown}
 j - a potion of heal wounds {unknown}
 k - a potion of cure mutation {unknown}
 m - a potion of curing {unknown}
 o - a potion of magic {unknown}
Comestibles
 b - 2 chunks of flesh {@w0}
 i - a meat ration {@e2}


   Skills:
 + Level 4.6 Fighting
 + Level 3.5 Maces & Flails
 + Level 4.4 Armour
 + Level 2.4 Dodging
 + Level 4.3 Shields


You had 5 spell levels left.
You didn't know any spells.

Dungeon Overview and Level Annotations

Branches:
Dungeon (3/15)

Altars:
Cheibriados


Innate Abilities, Weirdness & Mutations

You are resistant to torment.
((Your stone body is resilient (AC +4).))
You are immune to poison.
You resist negative energy.
((You are resistant to electric shocks.))
((You can survive without breathing.))
You are immune to petrification.
You are immune to rotting.


Message History

An orc comes into view.
There is a stone staircase leading up here.
You see here 3 arrows.
You take 1 damage, and have 38/39 hp.
The orc shouts!
The centaur shoots an arrow.
The arrow barely misses you. The orc hits you but does no damage. x2
The orc priest utters an invocation to Beogh.
You feel a wave of unholy energy pass over you.
You block the orc's attack.
You climb upwards.
There is a stone staircase leading down here.
You hit the orc but do no damage. The orc barely misses you.
You block the orc's attack.
You closely miss the orc. You block the orc's attack.
You block the orc's attack.
You hit the orc. The orc hits you but does no damage.
The orc hits you but does no damage.
You hit the orc but do no damage. You block the orc's attack.
You block the orc's attack.
Health restored: 39 Your shield prevents you from hitting the orc.
The orc hits you but does no damage.
The orc hits you from afar with a trident.
You take 3 damage, and have 36/39 hp.
Your shield and scale mail prevent you from hitting the orc.
The orc hits you but does no damage.
The orc priest mumbles some strange prayers to Beogh against you.
Something smites you! The orc hits you but does no damage.
You take 10 damage, and have 26/39 hp.
MASSIVE DAMAGE!!
You sock the orc!
You kill the orc!
The orc hits you but does no damage. The orc priest hits you with a dagger.
You take 3 damage, and have 23/39 hp.
You closely miss the orc priest. You block the orc's attack.
The orc priest hits you but does no damage.
You completely miss the orc priest. You block the orc's attack.
The orc priest calls down the wrath of Beogh upon you.
Pain shoots through your body! You block the orc's attack.
You take 1 damage, and have 22/39 hp.
You hit the orc priest but do no damage.
You block the orc priest's attack. The orc hits you but does no damage.
You block the orc priest's attack.
You closely miss the orc priest. The orc priest closely misses you.
The orc barely misses you.
You barely miss the orc priest.
The orc priest hits you but does no damage.
The orc hits you but does no damage.
You hit the orc priest.
The orc priest invokes the aid of Beogh against you.
Something smites you!
* * * LOW HITPOINT WARNING * * *
The orc barely misses you.
You take 17 damage, and have 6/39 hp.
MASSIVE DAMAGE!!
You barely miss the orc priest. You block the orc priest's attack.
The orc hits you but does no damage.
The orc priest hits you but does no damage.
You closely miss the orc priest. You block the orc's attack.
The orc priest hits you with a dagger.
* * * LOW HITPOINT WARNING * * *
You take 1 damage, and have 5/39 hp.
It was a potion of lignification.
You turn into a tree.
Your +1 scale mail of cold resistance melds into your body.
You feel less resistant to cold.
Your roots penetrate the ground.
The orc hits you but does no damage.
The orc priest's eyes start to glow.
You now have 7/58 hp.
You hit the orc priest. The orc hits you but does no damage.
You block the orc priest's attack.
You barely miss the orc priest.
The orc priest mumbles some strange prayers to Beogh.
You feel troubled. You block the orc's attack.
You hit the orc priest.
The orc priest hits you but does no damage.
You block the orc's attack. The orc priest hits you with a dagger.
* * * LOW HITPOINT WARNING * * *
You take 2 damage, and have 6/58 hp.
You hit the orc priest. The orc hits you but does no damage.
The orc priest completely misses you. You block the orc's attack.
You hit the orc priest.
You kill the orc priest!
You block the orc's attack.
You barely miss the orc. The orc hits you but does no damage.
The orc hits you from afar with a trident.
* * * LOW HITPOINT WARNING * * *
You take 4 damage, and have 3/58 hp.
You hit the orc but do no damage. The orc hits you but does no damage.
The orc hits you but does no damage.
You hit the orc. You block the orc's attack.
The orc hits you but does no damage.
You thump the orc!
You kill the orc!
The orc hits you but does no damage.
You cannot move.
The orc completely misses you. The orc hits you but does no damage.
The orc hits you from afar with a trident.
You die...

........#
#...##.#.......#.......
........#
#...##.#.......#.......
........#
#....#.........#.......
#########
#....#.#.......#.......
#....).#.......#.......
#...#.>#.......########
#...#.o#.......#
#...##)#########
#...##♣# #...#### #...#
#...# #...# #####


You could see an orc.

Vanquished Creatures
  Sigmund (D:2)
  An orc priest (D:2)
  Jessica (D:2)
  Terence (D:2)
  5 adders (D:2)
  2 oozes (D:2)
  3 worms (D:2)
  A giant gecko (D:1)
  2 orcs (D:2)
  A giant cockroach (D:2)
  5 hobgoblins
  2 jackals (D:2)
  5 kobolds
  5 bats
  2 giant newts (D:2)
  6 goblins
  6 rats
49 creatures vanquished.

Notes
Turn   | Place    | Note
--------------------------------------------------------------
     0 | D:1      | MonkeyBuisness the Gargoyle Fighter began the quest for the Orb.
     0 | D:1      | Reached XP level 1. HP: 14/14 MP: 1/1
   369 | D:1      | Reached XP level 2. HP: 19/19 MP: 2/2
   811 | D:2      | Reached skill level 1 in Dodging
   860 | D:2      | Reached XP level 3. HP: 13/23 MP: 3/3
  1050 | D:2      | Found a snail-covered altar of Cheibriados.
  1150 | D:2      | Noticed Jessica
  1170 | D:2      | Killed Jessica
  1170 | D:2      | Reached XP level 4. HP: 15/29 MP: 4/4
  1555 | D:2      | Noticed Sigmund
  1555 | D:2      | Noticed Terence
  1573 | D:2      | Killed Sigmund
  1573 | D:2      | Reached skill level 4 in Fighting
  1573 | D:2      | Reached skill level 3 in Maces & Flails
  1573 | D:2      | Reached skill level 4 in Armour
  1573 | D:2      | Reached skill level 2 in Dodging
  1573 | D:2      | Reached skill level 4 in Shields
  1573 | D:2      | Reached XP level 5. HP: 26/34 MP: 5/5
  1573 | D:2      | Reached XP level 6. HP: 29/39 MP: 6/6
  1585 | D:2      | Killed Terence
  2101 | D:2      | HP: 6/39 [orc priest/divine providence (17)]
  2107 | D:2      | HP: 6/58 [orc priest/dagger (2)]
  2116 | D:2      | Slain by an orc

Vault maps used:
D:1:      dpeg_arrival_leaves_temple_mockup, kennysheep_another_room
D:2:      cheibriados_altar_1, uniq_jessica, uniq_sigmund, uniq_terence
D:3:      overflow_temple_1_default, lemuel_crystal_altar,
          minmay_misc_feat_tower, nemelex_lonely_heart_becter

Action                   |  1- 3 |  4- 6 || total
-------------------------+-------+-------++-------
Melee: Flail             |   119 |   108 ||   227
  Use: Potion            |       |     2 ||     2
       Scroll            |       |     2 ||     2
  Eat: Bread ration      |     1 |       ||     1

Vault maps used:
D:1:      dpeg_arrival_leaves_temple_mockup, kennysheep_another_room
D:2:      cheibriados_altar_1, uniq_jessica, uniq_sigmund, uniq_terence
D:3:      overflow_temple_1_default, lemuel_crystal_altar,
          minmay_misc_feat_tower, nemelex_lonely_heart_becter

Table legend:
 A = Turns spent in this place as a percentage of turns spent in the entire game.
 B = Non-inter-level travel turns spent in this place as a percentage of non-inter-level travel turns spent in the entire game.
 C = Inter-level travel turns spent in this place as a percentage of turns spent in this place.
 D = Turns resting spent in this place as a percentage of non-inter-level travel turns spent in this place.
 E = Turns spent auto-exploring this place as a percentage of non-inter-level travel turns spent in this place.
 F = Non-inter-level travel turns spent in this place divided by the number of levels of this place that you've seen.
                   A       B       C       D       E      F
               +-------+-------+-------+-------+-------+----------------------
         Total | 100.0 | 100.0 |   0.6 |   1.9 |  11.6 | 175.7
       Dungeon | 100.0 | 100.0 |   0.6 |   1.9 |  11.6 | 175.7
               +-------+-------+-------+-------+-------+----------------------

Table legend:
 A = Kills in this place as a percentage of kills in entire the game.
 B = Kills by you in this place as a percentage of kills by you in the entire game.
 C = Kills by friends in this place as a percentage of kills by friends in the entire game.
 D = Other kills in this place as a percentage of other kills in the entire game.
 E = Experience gained in this place as a percentage of experience gained in the entire game.
 F = Experience gained in this place divided by the number of levels of this place that you have seen.
                   A       B       C       D       E      F
               +-------+-------+-------+-------+-------+----------------------
         Total | 100.0 | 100.0 |  -nan |  -nan | 100.0 | 167.3
       Dungeon | 100.0 | 100.0 |  -nan |  -nan | 100.0 | 167.3
               +-------+-------+-------+-------+-------+----------------------
